 Dungeon Crawl Stone Soup version 0.27.1-3-gb3d3a73c9e (webtiles) character file.

Game seed: 1003838868467035667

71 Araneus the Poker (level 4, 0/35 HPs)
             Began as a Demonspawn Fighter on Oct 14, 2021.
             Killed by divine providence
             ... invoked by an orc priest
              (12 damage)
             ... on level 3 of the Dungeon.
             The game lasted 00:03:55 (2462 turns).

Araneus the Poker (Demonspawn Fighter)              Turns: 2462, Time: 00:03:55

Health: 0/35       AC:  6    Str: 17    XL:     4   Next: 5%
Magic:  4/4        EV:  6    Int:  9    God:
Gold:   85         SH:  8    Dex: 13    Spells: 3/3 levels left

rFire    . . .     SeeInvis .   a - +0 trident
rCold    . . .     Faith    .   c - +0 kite shield
rNeg     . . .     Spirit   .   b - +0 scale mail
rPois    .         Reflect  .   (no helmet)
rElec    .         Harm     .   (no cloak)
rCorr    .         Rampage  .   (no gloves)
Will     .....                  (no boots)
Stlth    ..........             (no amulet)
HPRegen  0.11/turn              (no ring)
MPRegen  0.09/turn              (no ring)

@: mighty
A: ignite blood 1, powered by death 1
a: no special abilities


You were on level 3 of the Dungeon.
You visited 1 branch of the dungeon, and saw 3 of its levels.

You collected 85 gold pieces.

Inventory:

Hand Weapons
 a - a +0 trident (weapon)
Armour
 b - a +0 scale mail (worn)
 c - a +0 kite shield (worn)
Scrolls
 e - a scroll of vulnerability {unknown}
 f - a scroll of amnesia {unknown}
 h - a scroll of identify {unknown}
 j - a scroll of enchant weapon {unknown}
 k - a scroll of teleportation {unknown}
 l - a scroll of brand weapon {unknown}
Potions
 g - a potion of curing {unknown}
 i - a potion of mutation {unknown}


   Skills:
 - Level 3.0 Fighting
 + Level 4.0 Polearms
 - Level 2.6 Armour
 - Level 2.6 Shields


You had 3 spell levels left.
You didn't know any spells.
Your spell library was empty.

Dungeon Overview and Level Annotations

Branches:
Dungeon (3/15)

Altars:

Shops:
D:2 [


Innate Abilities, Weirdness & Mutations

Your demonic aura sometimes causes spilled blood to erupt in flames.
You regenerate a little health from kills.


Message History

You reach to attack!
You hit the orc.
The orc is severely wounded.
The orc priest mumbles some strange prayers to Beogh against you.
Beogh smites you!
The orc is engulfed in blazing flames.
You kill the orc!
There is a large open door, spattered with blood here.
You see here an adder corpse.
You reach to attack!
You barely miss the orc.
You reach to attack!
You hit the orc.
The orc is severely wounded.
The orc priest calls upon Beogh to heal the orc.
The orc's wounds heal themselves!
You closely miss the orc. The orc hits you with a +0 hand axe.
You block the orc's attack.
You are too injured to fight recklessly!
You hit the orc.
The orc is heavily wounded.
The orc hits you but does no damage.
You closely miss the orc.
The orc is moderately wounded.
The orc priest looks satisfied for a moment.
The orc closely misses you.
You hit the orc.
The orc is almost dead.
The orc barely misses you.
The orc priest looks encouraged for a moment.
The orc hits you with a +0 hand axe.
Your scale mail prevents you from hitting the orc.
The orc is almost dead.
The orc hits you but does no damage.
You closely miss the orc.
The orc is almost dead.
The orc hits you with a +0 hand axe.
You feel very mighty all of a sudden. The orc hits you but does no damage.
You puncture the orc!
You kill the orc!
The orc priest mumbles some strange prayers to Beogh against you.
Beogh smites you!
You die...

#.......# ##..<..##
#.......###.......##
#...(...##...###...#
#.......#⌠.⌠## ##⌠.⌠
#.......##.## ##.#
#........#.# #.#
##..........# #..
#.........### ###
#.##@##...# .
#o##...# .og#...#
..o.#...# .....#...#
......#...#
?.!....#...#
#.......#


You could see an orc priest, 2 orcs and a goblin.

Vanquished Creatures
  3 adders
  2 worms
  2 orcs (D:3)
  3 endoplasms
  A giant cockroach (D:2)
  6 goblins
  5 hobgoblins
  2 quokkas (D:2)
  2 ball pythons (D:1)
  3 bats
  3 frilled lizards
  4 kobolds
  2 rats (D:2)
38 creatures vanquished.

Notes
Turn   | Place    | Note
-------+----------+-------------------------------------------
     0 | D:1      | Araneus the Demonspawn Fighter began the quest for the Orb.
     0 | D:1      | Reached XP level 1. HP: 18/18 MP: 1/1
    80 | D:1      | Reached skill level 2 in Polearms
   308 | D:1      | Found a faded altar of an unknown god.
   806 | D:1      | Gained mutation: Your demonic aura sometimes causes spilled
                  | blood to erupt in flames. [demonic ancestry]
   806 | D:1      | Reached XP level 2. HP: 24/24 MP: 2/2
   969 | D:2      | Found Bos Copt's Armour Boutique.
  1027 | D:2      | Reached skill level 3 in Polearms
  1215 | D:2      | Reached XP level 3. HP: 29/29 MP: 3/3
  2451 | D:3      | Reached skill level 4 in Polearms
  2451 | D:3      | Gained mutation: You regenerate a little health from kills.
                  | [demonic ancestry]
  2451 | D:3      | Reached XP level 4. HP: 35/35 MP: 4/4
  2462 | D:3      | Killed from afar by an orc priest

Illustrated notes

Levels and vault maps discovered:
D:1:      minmay_arrival_split_and_join, layout_loops_ring,
          hellmonk_ecumenical_altar_inner_sanctum, patterned_corridor
D:2:      layout_basic, serial_shops, nicolae_shop_statue_plus,
          minmay_misc_feat_secret_circle
D:3:      layout_basic, mainiacjoe_overflow_alcove_1, grunt_ministairs_8

Skill      XL: |  1  2  3 |
---------------+----------+-----
Polearms       | 2 3 4 |  4.0
Fighting       | |  3.0
Armour         | |  2.6
Shields        | |  2.6

Action                   |  1- 3 |  4- 6 || total
-------------------------+-------+-------++-------
Melee: Trident           |   118 |    10 ||   128
  Use: Potion            |       |     1 ||     1
Armor: Scale mail        |    36 |     3 ||    39
Dodge: Dodged            |    24 |     2 ||    26
Block: Kite shield       |    46 |     1 ||    47
